 Dungeon Crawl Stone Soup version 0.29-a0-483-g69413ace17 (webtiles) character file.

Game seed: 14281552734064529248

522 jfcaron the Charlatan (level 7, 0/52 HPs)
             Began as a Gnoll Artificer on May 26, 2022.
             Was an Initiate of Fedhas.
             Slain by an orc warrior
             ... wielding a +0 hand axe
              (9 damage)
             ... on level 4 of the Dungeon.
             The game lasted 00:10:53 (4543 turns).

jfcaron the Charlatan (Gnoll Artificer)             Turns: 4543, Time: 00:10:54

Health: 0/52       AC:  8    Str: 20    XL:     7   Next: 22%
Magic:  10/10      EV: 10    Int: 10    God:    Fedhas [......]
Gold:   324        SH:  4    Dex: 12    Spells: 10/10 levels left

rFire   . . .      SeeInvis .   i - +1 whip (flame)
rCold   . . .      Faith    .   l - +0 buckler
rNeg    . . .      Spirit   .   x - +0 scale mail
rPois   .          Reflect  .   (no helmet)
rElec   .          Harm     .   u - +0 cloak
rCorr   .          Rampage  .   (no gloves)
Will    .....                   (no boots)
Stlth   +.........              (no amulet)
HPRegen 0.17/turn               t - +6 ring of strength
MPRegen 0.12/turn               (no ring)

@: no status effects
A: fangs 1, strong nose, distributed training
a: Renounce Religion


You were on level 4 of the Dungeon.
You worshipped Fedhas.
Fedhas was noncommittal.
You visited 2 branches of the dungeon, and saw 6 of its levels.

You collected 324 gold pieces.

Inventory:

Hand Weapons
 a - a +0 trident
 b - a +0 dagger
 i - a +1 whip of flaming (weapon)
 r - a +0 rapier
Missiles
 c - 7 poisoned darts
 g - 175 stones
 k - 3 throwing nets {!f}
 s - 3 boomerangs (quivered)
Armour
 h - a +0 ring mail
 j - a +0 leather armour
 l - a +0 buckler (worn)
 u - a +0 cloak (worn)
 x - a +0 scale mail (worn)
 z - the +1 leather armour of Evolution {Dex+2}
   (You found it on level 4 of the Dungeon)

   Dex:       It affects your dexterity (+2).
Jewellery
 t - a +6 ring of strength (left hand)
Wands
 d - a wand of charming (19)
 e - a wand of iceblast (7)
Scrolls
 n - a scroll of brand weapon {unknown}
 q - a scroll of teleportation {unknown}
 y - a scroll of amnesia {unknown}
 A - a scroll of enchant armour {unknown}
Potions
 f - 2 potions of brilliance
 m - 2 potions of curing
 o - a potion of might {unknown}
 p - a potion of berserk rage {unknown}
 v - a potion of lignification {unknown}
 w - a potion of invisibility
 B - a potion of flight {unknown}


   Skills:
 + Level 3.5 Fighting
 + Level 2.3 Short Blades
 + Level 2.3 Long Blades
 + Level 2.3 Axes
 + Level 2.3 Maces & Flails
 + Level 2.3 Polearms
 + Level 2.3 Staves
 + Level 2.3 Slings
 + Level 2.3 Bows
 + Level 2.3 Crossbows
 + Level 2.3 Throwing
 + Level 5.2 Armour
 + Level 3.5 Dodging
 + Level 3.3 Stealth
 + Level 2.3 Shields
 + Level 2.3 Unarmed Combat
 + Level 2.3 Spellcasting
 + Level 1.9 Conjurations
 + Level 1.9 Hexes
 + Level 1.9 Summonings
 + Level 1.9 Necromancy
 + Level 1.9 Translocations
 + Level 1.9 Transmutations
 + Level 1.9 Fire Magic
 + Level 1.9 Ice Magic
 + Level 1.9 Air Magic
 + Level 1.9 Earth Magic
 + Level 1.9 Poison Magic
 + Level 2.6 Invocations
 + Level 7.0 Evocations


You had 10 spell levels left.
You didn't know any spells.
Your spell library contained the following spells:

 Spells                   Type           Power      Damage    Failure   Level
 Magic Dart               Conj           20%        1d4       43%         1
 Ensorcelled Hibernation  Hex/Ice        10%        N/A       58%         2
 Passwall                 Tmut/Erth      4%         N/A       58%         2
 Searing Ray              Conj           10%        2d4       58%         2
 Confusing Touch          Hex            5%         N/A       82%         3
 Dazzling Flash           Conj/Hex       10%        N/A       82%         3
 Swiftness                Air            5%         N/A       82%         3
 Fulminant Prism          Conj/Hex       2%         3d6       99%         4
 Agony                    Necr           5%         N/A       100%        5
 Silence                  Hex/Air        2%         N/A       100%        5
 Yara's Violent Unravell  Hex/Tmut       2%         3d3       100%        5
 Enfeeble                 Hex            2%         N/A       100%        7


Dungeon Overview and Level Annotations

Branches:
Dungeon (5/15)             Temple (1/1) D:4

Altars:
Ashenzari
Cheibriados
Dithmenos
Elyvilon
Fedhas
Gozag
Hepliaklqana
Kikubaaqudgha
Makhleb
Nemelex Xobeh
Okawaru
Qazlal
Ru
Sif Muna
Trog
Uskayaw
Xom
Yredelemnul
Zin
The Shining One


Innate Abilities, Weirdness & Mutations

You have very sharp teeth.
Your uncanny sense of smell can sniff out nearby items.
Your experience applies equally to all skills.


Message History

You hit the orc warrior but do no damage.
The orc warrior is heavily wounded.
The orc warrior hits you with a +0 hand axe.
You hit the orc warrior. You burn the orc warrior.
The orc warrior is heavily wounded.
The orc warrior hits you with a +0 hand axe.
You hit the orc warrior but do no damage.
Your bite misses the orc warrior.
The orc warrior is heavily wounded.
The orc warrior hits you with a +0 hand axe.
* * * LOW HITPOINT WARNING * * *
You hit the orc warrior but do no damage.
You bite the orc warrior, but do no damage.
The orc warrior is heavily wounded.
The orc warrior closely misses you.
You whack the orc warrior! You burn the orc warrior.
The orc warrior is almost dead.
The orc warrior hits you with a +0 hand axe.
* * * LOW HITPOINT WARNING * * *
Okay, then.
Unknown command.
You hit the orc warrior but do no damage.
The orc warrior is severely wounded.
The orc warrior misses you.
You hit the orc warrior. You burn the orc warrior.
The orc warrior is almost dead.
You block the orc warrior's attack.
You barely miss the orc warrior.
The orc warrior is almost dead.
The orc warrior hits you with a +0 hand axe.
* * * LOW HITPOINT WARNING * * *
Unknown command.
You hit the orc warrior. You burn the orc warrior.
The orc warrior is almost dead.
You block the orc warrior's attack.
You hit the orc warrior but do no damage.
The orc warrior is almost dead.
The orc warrior hits you with a +0 hand axe!
You die...
Fedhas appreciates your contribution to the ecosystem.

#.#.##...'...................'.).
.)...##..#######...####.########.
#.#.###..##..###...#############.
..........#......................
#.#.#.....#......................
#.##..##.###..##.....##...##.###.
..######.###..##.....##...##.###.
...#.........................#..)
...#............@............#...
...#.............o...........#...
..##..######..#########......#...
..##..######..# #..)...#...
.........#....# #...)..##'#
.........#....# #...)..##..
.........#....# #..........
.........'....# #......[...
..########.##># #...##.##..


You could see an orc warrior.

Vanquished Creatures
  A kobold brigand (D:5)
  A scorpion (D:5)
  A gnoll sergeant (D:4)
  2 hounds (D:5)
  A gnoll shaman (D:5)
  2 iguanas
  9 gnolls
  3 adders
  A white imp (D:3)
  2 ufetubi
  A worm (D:2)
  2 dart slugs
  2 orcs
  7 endoplasms
  A giant cockroach (D:3)
  2 goblins
  9 hobgoblins
  6 quokkas
  7 ball pythons
  6 bats
  5 frilled lizards
  13 kobolds
  10 rats
  6 plants (D:1)
100 creatures vanquished.

Notes
Turn   | Place    | Note
-------+----------+-------------------------------------------
     0 | D:1      | jfcaron the Gnoll Artificer began the quest for the Orb.
     0 | D:1      | Reached XP level 1. HP: 17/17 MP: 1/1
   148 | D:1      | Reached XP level 2. HP: 23/23 MP: 2/2
   254 | D:1      | Reached XP level 3. HP: 13/28 MP: 3/3
   649 | D:1      | Reached skill level 1 in Invocations
  1391 | D:2      | Reached skill level 1 in Short Blades
  1391 | D:2      | Reached skill level 1 in Long Blades
  1391 | D:2      | Reached skill level 1 in Axes
  1391 | D:2      | Reached skill level 1 in Maces & Flails
  1391 | D:2      | Reached skill level 1 in Polearms
  1391 | D:2      | Reached skill level 1 in Staves
  1391 | D:2      | Reached skill level 1 in Slings
  1391 | D:2      | Reached skill level 1 in Bows
  1391 | D:2      | Reached skill level 1 in Crossbows
  1391 | D:2      | Reached skill level 1 in Throwing
  1391 | D:2      | Reached skill level 1 in Shields
  1391 | D:2      | Reached skill level 1 in Unarmed Combat
  1391 | D:2      | Reached skill level 1 in Spellcasting
  1414 | D:2      | Reached XP level 4. HP: 34/34 MP: 5/5
  2284 | D:3      | Reached skill level 1 in Conjurations
  2284 | D:3      | Reached skill level 1 in Hexes
  2284 | D:3      | Reached skill level 1 in Summonings
  2284 | D:3      | Reached skill level 1 in Necromancy
  2284 | D:3      | Reached skill level 1 in Translocations
  2284 | D:3      | Reached skill level 1 in Transmutations
  2284 | D:3      | Reached skill level 1 in Fire Magic
  2284 | D:3      | Reached skill level 1 in Ice Magic
  2284 | D:3      | Reached skill level 1 in Air Magic
  2284 | D:3      | Reached skill level 1 in Earth Magic
  2284 | D:3      | Reached skill level 1 in Poison Magic
  2793 | D:4      | Noticed a gnoll sergeant
  2803 | D:4      | Reached XP level 5. HP: 37/40 MP: 5/7
  2906 | D:4      | Found a staircase to the Ecumenical Temple.
  2915 | Temple   | Entered the Ecumenical Temple
  3195 | Temple   | Became a worshipper of Fedhas Madash
  3376 | D:4      | Reached XP level 6. HP: 35/47 MP: 8/8
  3491 | D:4      | Identified the +1 leather armour of Evolution {Dex+2}
  3768 | D:4      | Found a snail-covered altar of Cheibriados.
  3849 | D:5      | Entered Level 5 of the Dungeon
  3912 | D:5      | Reached skill level 5 in Armour
  4234 | D:5      | HP: 8/47 [gnoll/+0 spear[a gnoll shaman] (3)]
  4243 | D:5      | Reached XP level 7. HP: 11/52 MP: 10/10
  4248 | D:5      | HP: 6/52 [kobold brigand/+0 club (6)]
  4250 | D:5      | Reached skill level 7 in Evocations
  4541 | D:4      | HP: 9/52 [orc warrior/+0 hand axe (5)]
  4543 | D:4      | Slain by an orc warrior

Illustrated notes

Levels and vault maps discovered:
D:1:      minmay_arrival_arboretum_small, layout_rooms, chequers_big_river,
          minivault_25, st_stairs_10
D:2:      minmay_door_path, layout_rooms, supply_closet_lemuel
D:3:      layout_rooms, hangedman_feature_mirror, serial_park_tiny_1
D:4:      layout_gridville, lemuel_doored_altar,
          minmay_temple_entry_drinking_statues, st_stairs_12
D:5:      layout_basic, serial_shops, nicolae_take_the_stairs, eino_curves_03
Temple:   mainiacjoe_temple_bowtie_tessellation

Skill      XL: |  1  2  3  4  5  6  7 |
---------------+----------------------+-----
Invocations    | 1 2 |  2.6
Short Blades   | 1 2 |  2.3
Long Blades    | 1 2 |  2.3
Axes           | 1 2 |  2.3
Maces & Flails | 1 2 |  2.3
Polearms       | 1 2 |  2.3
Staves         | 1 2 |  2.3
Slings         | 1 2 |  2.3
Bows           | 1 2 |  2.3
Crossbows      | 1 2 |  2.3
Throwing       | 1 2 |  2.3
Shields        | 1 2 |  2.3
Unarmed Combat | 1 2 |  2.3
Spellcasting   | 1 2 |  2.3
Conjurations   | 1 |  1.9
Hexes          | 1 |  1.9
Summonings     | 1 |  1.9
Necromancy     | 1 |  1.9
Translocations | 1 |  1.9
Transmutations | 1 |  1.9
Fire Magic     | 1 |  1.9
Ice Magic      | 1 |  1.9
Air Magic      | 1 |  1.9
Earth Magic    | 1 |  1.9
Poison Magic   | 1 |  1.9
Fighting       | 3 |  3.5
Dodging        | 3 |  3.5
Stealth        | 3 |  3.3
Armour         | 5 |  5.2
Evocations     | 7 |  7.0

Action                   |  1- 3 |  4- 6 |  7- 9 || total
-------------------------+-------+-------+-------++-------
Melee: Club              |    21 |       |       ||    21
       Bite              |     5 |     9 |     2 ||    16
       Punch             |     3 |     2 |       ||     5
       Flail             |    41 |       |       ||    41
       Trident           |    13 |   122 |     4 ||   139
       Rapier            |       |     7 |       ||     7
       Whip              |       |     5 |    19 ||    24
Throw: Stone             |    30 |    24 |       ||    54
       Boomerang         |       |    61 |     1 ||    62
Evoke: Wand              |     6 |    13 |     1 ||    20
  Use: Scroll            |       |     4 |       ||     4
       Potion            |       |     1 |       ||     1
 Stab: Sleeping          |     2 |     1 |       ||     3
       Invisible         |       |       |     1 ||     1
Armor: Leather armour    |    14 |       |       ||    14
       Ring mail         |    11 |    17 |       ||    28
       Scale mail        |       |    30 |     3 ||    33
Dodge: Dodged            |    47 |    76 |     6 ||   129
Block: Buckler           |       |    13 |     3 ||    16

Table legend: (Time is in decaauts)
 A = Elapsed time spent in this place.
 B = Non-inter-level travel time spent in this place.
 C = Inter-level travel time spent in this place.
 D = Time resting spent in this place.
 E = Time spent auto-exploring this place.
 F = Levels seen in this place.
 G = Mean time per level.
                   A        B        C        D        E       F      G
               +--------+--------+--------+--------+--------+-----+--------+
         Total |   4628 |   4357 |    271 |    799 |   2661 |   6 |  771.3 |
       Dungeon |   4321 |   4095 |    226 |    799 |   2415 |   5 |  864.2 |
        Temple |    306 |    261 |     45 |      0 |    246 |   1 |  306.0 |
               +--------+--------+--------+--------+--------+-----+--------+

Top non-repeatable levels by time:
     D:1: 1238 daAuts
     D:4: 1108 daAuts
     D:2: 1072 daAuts
     D:3: 468 daAuts
     D:5: 433 daAuts
  Temple: 306 daAuts
